 Dungeon Crawl Stone Soup version 0.28-a0-1212-gc6b4282bc0 (webtiles) character file.

Game seed: 9692430859426853335

48 Lekart the Skirmisher (level 3, -2/33 HPs)
             Began as a Draconian Chaos Knight on Dec 21, 2021.
             Was a Plaything of Xom.
             Slain by an adder (4 damage)
             ... on level 2 of the Dungeon.
             The game lasted 00:01:37 (1523 turns).

Lekart the Skirmisher (Draconian Chaos Knight)      Turns: 1523, Time: 00:01:37

Health: -2/33      AC:  5    Str: 14    XL:     3   Next: 50%
Magic:  3/3        EV: 12    Int: 12    God:    Xom [..*...]
Gold:   102        SH:  0    Dex: 12    Spells: 2/2 levels left

rFire   . . .      SeeInvis .   a - +0 hand axe (chaos)
rCold   . . .      Faith    .   (no shield)
rNeg    . . .      Spirit   .   (armour unavailable)
rPois   .          Reflect  .   (helmet restricted)
rElec   .          Harm     .   (no cloak)
rCorr   .          Rampage  .   (no gloves)
Will    .....                   (no boots)
Stlth   +.........              (no amulet)
HPRegen 0.11/turn               (no ring)
MPRegen 0.08/turn               (no ring)

@: lethally poisoned (-2 -> -3)
A: AC +5, unfitting armour, cold-blooded
a: Renounce Religion


You were on level 2 of the Dungeon.
You worshipped Xom.
You were a toy of Xom.
You visited 1 branch of the dungeon, and saw 2 of its levels.

You collected 102 gold pieces.

Inventory:

Hand Weapons
 a - a +0 hand axe of chaos (weapon)
Missiles
 g - 5 poisoned darts (quivered)
Jewellery
 f - a ring of wizardry
Scrolls
 c - 2 scrolls of identify
Potions
 b - a potion of flight {unknown}
 d - a potion of magic
 e - 3 potions of brilliance


   Skills:
 + Level 3.9 Fighting
 + Level 3.6 Axes
 + Level 0.1 Throwing
 + Level 2.7 Dodging
 + Level 0.1 Stealth


You had 2 spell levels left.
You didn't know any spells.
Your spell library was empty.

Dungeon Overview and Level Annotations

Branches:
Dungeon (2/15)

Altars:

Shops:
D:1 =


Innate Abilities, Weirdness & Mutations

Your plain brown scales are hard. (AC +5)
You cannot fit into any form of body armour.
You are cold-blooded and may be slowed by cold attacks.


Message History

Deactivating autopickup; reactivate with Ctrl-A.
The hobgoblin hits you but does no damage.
Something bites you.
You hit the hobgoblin.
Space warps horribly around the hobgoblin!
You kill the hobgoblin!
You hit something. You burn something. Something bites you.
You are poisoned.
Something poisons you!
You hit the rat.
You kill the rat!
You miss something.
You feel sick. Something bites you. Something barely misses you.
You miss the hobgoblin.
You tail-slap the hobgoblin, but do no damage.
You hit something but do no damage.
You feel sick. Something bites you. The hobgoblin hits you.
You hit the hobgoblin. You burn the hobgoblin.
The hobgoblin is severely wounded.
You hit something.
You feel sick. Something bites you.
The hobgoblin hits you but does no damage.
Something bites you.
You are more poisoned.
Something poisons you!
You are too injured to fight recklessly!
You are too injured to fight recklessly!
You are too injured to fight recklessly!
You emit a cloud of colourful smoke!
You feel sick.
You feel sick.
You feel sick.
You feel sick.
You feel sick. Something bites you.
* * * LOW HITPOINT WARNING * * *
* * * LOW HITPOINT WARNING * * *
You feel sick.
* * * LOW HITPOINT WARNING * * *
You feel sick. Something bites you.
You die... "Boring in life, boring in death..."

####### #..... #.#..
### #.#.# .#
##.########.#.####..#
#......@..g.§†....$.#.
##.#####.##.§§.(.(....
#.# #.##..#.†....#.
#.# #.##..####.....
#.# #.##..# #.#. #.#
#.##... .. #.#
#....##. . #.# #.##..
$ #.# #..... .


You could see a hobgoblin.

Vanquished Creatures
  An adder (D:2)
  A dart slug (D:1)
  3 bats
  2 endoplasms (D:1)
  2 giant cockroaches (D:1)
  3 hobgoblins
  4 jackals (D:2)
  2 quokkas
  A ball python (D:1)
  2 frilled lizards (D:2)
  7 goblins
  A kobold (D:1)
  3 rats
32 creatures vanquished.

Notes
Turn   | Place    | Note
-------+----------+-------------------------------------------
     0 | D:1      | Lekart the Draconian Chaos Knight began the quest for the
                  | Orb.
     0 | D:1      | Reached XP level 1. HP: 19/19 MP: 1/1
    34 | D:1      | Found Feutzis's Jewellery Boutique.
    38 | D:1      | XOM: silly message
    39 | D:1      | Found a faded altar of an unknown god.
   122 | D:1      | XOM: silly message
   225 | D:1      | XOM: silly message
   271 | D:1      | Reached XP level 2. HP: 25/26 MP: 2/2
   818 | D:1      | XOM: cloud trail
   982 | D:2      | Reached XP level 3. HP: 18/33 MP: 3/3
  1010 | D:2      | XOM: cloud trail
  1517 | D:2      | XOM: smoke on damage
  1523 | D:2      | Slain by an adder

Illustrated notes

Levels and vault maps discovered:
D:1:      dpeg_arrival_fog, layout_basic, serial_shops, shop,
          ebering_ecumenical_altar_abandoned, minmay_tetromino_l2
D:2:      layout_loops_ring, basic_altar

Action                   || total
-------------------------++-------
Melee: Hand axe          ||    81
       Tailslap          ||     8
Throw: Dart              ||    11
  Use: Scroll            ||     3
 Stab: Sleeping          ||     1
Armor: Skin              ||    28
Dodge: Dodged            ||    54

Table legend: (Time is in decaauts)
 A = Elapsed time spent in this place.
 B = Non-inter-level travel time spent in this place.
 C = Inter-level travel time spent in this place.
 D = Time resting spent in this place.
 E = Time spent auto-exploring this place.
 F = Levels seen in this place.
 G = Mean time per level.
                   A        B        C        D        E       F      G
               +--------+--------+--------+--------+--------+-----+--------+
         Total |   1533 |   1471 |     62 |      0 |   1255 |   2 |  766.5 |
       Dungeon |   1533 |   1471 |     62 |      0 |   1255 |   2 |  766.5 |
               +--------+--------+--------+--------+--------+-----+--------+

Top non-repeatable levels by time:
     D:1: 881 daAuts
     D:2: 651 daAuts
